[ AOE2 MATCH · #492601074 ]
UnrankedBengalis vs Saracens
[ REPLAY ANALYSIS · EXTRACTED FROM THE RECORDED GAME ]
Feudal
8:40
Castle
23:27
Imperial
—
| APM avg | 58.2 |
| APM peak | 90 |
| eAPM avg | 22.9 |
| Villagers / military | 59 / 50 |
Focus
⚔️ 24.6% · 🌾 75.4%
Archer ×50
Feudal
9:36
Castle
22:57
Imperial
—
| APM avg | 36.0 |
| APM peak | 93 |
| eAPM avg | 17.4 |
| Villagers / military | 78 / 38 |
Focus
⚔️ 23.0% · 🌾 77.0%
Archer ×30 · Spearman ×7 · Battering Ram ×1
Feudal
9:12
Castle
24:46
Imperial
—
| APM avg | 25.8 |
| APM peak | 58 |
| eAPM avg | 12.5 |
| Villagers / military | 69 / 31 |
Focus
⚔️ 22.9% · 🌾 77.1%
Scout Cavalry ×24 · Spearman ×4 · Knight ×3
Feudal
10:13
Castle
24:13
Imperial
—
| APM avg | 38.8 |
| APM peak | 85 |
| eAPM avg | 15.1 |
| Villagers / military | 75 / 33 |
Focus
⚔️ 27.1% · 🌾 72.9%
Scout Cavalry ×20 · Knight ×13
Feudal
10:18
Castle
25:08
Imperial
—
| APM avg | 30.1 |
| APM peak | 56 |
| eAPM avg | 15.2 |
| Villagers / military | 57 / 47 |
Focus
⚔️ 27.6% · 🌾 72.4%
Archer ×40 · Skirmisher ×7
Feudal
10:42
Castle
19:37
Imperial
—
| APM avg | 43.7 |
| APM peak | 91 |
| eAPM avg | 29.6 |
| Villagers / military | 80 / 75 |
Focus
⚔️ 13.5% · 🌾 86.5%
Knight ×75
Match map
Initial resources + every placement click. Lines = walls · curves = elevation contours. ◆ gold · ⬟ stone · ● berries · ✦ relic · ◌ wall gap
Your base· Open — 7t gap
~KOF~Legonas's base· ✓ Closed at 22:57 · 55t walls · 2 gate(s)
[KOF] Rock Lee's base· Open — unwalled flank
[KOF] santander's base· Open — 4t gap
[KOF] Marcelo88's base· Open — unwalled flank
KOF Coven's base· ✓ Closed at 19:37 · 58t walls · 1 gate(s)
Smoothed initial terrain · ◌ = detected wall gap · hover for details
Inputs per minute
— [KOF] ReKieM - - ~KOF~Legonas
Build order — [KOF] ReKieM
First 150 of 183 actions detected
| 0:01 | Create | Villager (Male) ×4 |
| 0:02 | Build | House |
| 0:03 | Build | House |
| 1:25 | Create | Villager (Male) |
| 1:45 | Build | Lumber Camp |
| 1:50 | Build | Lumber Camp |
| 1:55 | Create | Villager (Male) |
| 1:57 | Build | House |
| 2:17 | Create | Villager (Male) |
| 2:53 | Create | Villager (Male) |
| 3:09 | Create | Villager (Male) |
| 3:25 | Build | House |
| 3:44 | Create | Villager (Male) |
| 4:01 | Create | Villager (Male) |
| 4:10 | Create | Villager (Male) |
| 4:18 | Create | Villager (Male) |
| 5:11 | Create | Villager (Male) |
| 5:23 | Build | Barracks |
| 5:39 | Research | Loom |
| 6:05 | Build | House |
| 6:30 | Research | Feudal Age |
| 6:30 | Research | Feudal Age |
| 7:26 | Build | Mining Camp |
| 7:34 | Build | Palisade Gate |
| 7:51 | Build | Palisade Gate |
| 7:53 | Build | Palisade Gate |
| 8:08 | Create | Villager (Male) |
| 8:40 | Age | Feudal Age |
| 8:46 | Build | Archery Range |
| 8:49 | Create | Villager (Male) |
| 9:13 | Build | Archery Range |
| 9:20 | Build | House |
| 9:25 | Build | House |
| 9:31 | Create | Villager (Male) |
| 9:37 | Create | Archer |
| 9:46 | Build | House |
| 9:57 | Create | Villager (Male) |
| 10:15 | Create | Archer |
| 10:16 | Create | Archer |
| 10:22 | Create | Villager (Male) |
| 10:31 | Build | Mill |
| 10:41 | Create | Archer |
| 10:42 | Create | Archer |
| 10:52 | Build | Palisade Wall |
| 11:01 | Create | Villager (Male) |
| 11:15 | Create | Archer |
| 11:16 | Create | Archer |
| 11:31 | Create | Villager (Male) |
| 11:36 | Build | House |
| 11:58 | Build | Blacksmith |
| 12:00 | Create | Villager (Male) |
| 12:04 | Create | Archer |
| 12:05 | Create | Archer |
| 12:18 | Build | House |
| 12:32 | Create | Villager (Male) |
| 12:39 | Build | Farm |
| 12:42 | Build | Farm |
| 13:12 | Build | Palisade Wall |
| 13:30 | Research | Fletching |
| 13:34 | Create | Archer |
| 13:34 | Create | Archer |
| 13:34 | Create | Archer |
| 13:35 | Create | Archer |
| 13:35 | Create | Archer |
| 13:44 | Build | Palisade Wall |
| 14:02 | Build | Farm |
| 14:07 | Create | Villager (Male) |
| 14:15 | Create | Archer |
| 14:16 | Create | Archer |
| 14:28 | Build | Farm |
| 14:30 | Create | Villager (Male) |
| 14:39 | Build | House |
| 15:18 | Create | Villager (Male) |
| 15:22 | Create | Archer |
| 15:23 | Create | Archer |
| 15:24 | Create | Villager (Male) |
| 15:26 | Build | Farm |
| 15:26 | Build | Farm |
| 15:31 | Research | Double-Bit Axe |
| 15:32 | Research | Double-Bit Axe |
| 15:43 | Build | House |
| 15:44 | Build | House |
| 15:55 | Create | Villager (Male) |
| 16:08 | Create | Villager (Male) |
| 16:13 | Build | House |
| 16:35 | Create | Archer |
| 16:35 | Create | Archer |
| 16:35 | Create | Archer |
| 16:40 | Create | Villager (Male) |
| 16:43 | Build | Farm |
| 16:45 | Build | Farm |
| 16:56 | Create | Villager (Male) |
| 17:04 | Create | Archer |
| 17:04 | Create | Archer |
| 17:06 | Build | House |
| 17:17 | Create | Villager (Male) |
| 17:35 | Build | Lumber Camp |
| 17:59 | Create | Villager (Male) |
| 18:09 | Create | Archer |
| 18:10 | Create | Archer |
| 18:11 | Create | Villager (Male) |
| 18:13 | Build | House |
| 18:28 | Create | Archer |
| 18:34 | Create | Archer |
| 18:50 | Create | Villager (Male) |
| 18:53 | Build | Market |
| 18:57 | Build | Palisade Wall |
| 19:01 | Create | Archer |
| 19:01 | Create | Archer |
| 19:11 | Build | Farm |
| 19:13 | Create | Villager (Male) |
| 19:16 | Create | Villager (Male) |
| 19:20 | Create | Archer |
| 19:20 | Create | Archer |
| 20:07 | Create | Villager (Male) |
| 20:19 | Build | Mining Camp |
| 20:24 | Build | House |
| 20:47 | Research | Castle Age |
| 21:00 | Create | Archer |
| 21:00 | Create | Archer |
| 21:26 | Build | Farm |
| 21:28 | Build | Farm |
| 21:41 | Build | House |
| 21:42 | Build | House |
| 22:02 | Build | Farm |
| 22:04 | Research | Gold Mining |
| 22:06 | Research | Horse Collar |
| 22:06 | Research | Horse Collar |
| 22:12 | Build | Lumber Camp |
| 22:14 | Build | House |
| 22:22 | Create | Archer |
| 22:22 | Create | Archer |
| 22:23 | Create | Archer |
| 22:23 | Create | Archer |
| 23:12 | Create | Archer |
| 23:13 | Create | Archer |
| 23:27 | Age | Castle Age |
| 23:29 | Research | Crossbowman (upgrade) |
| 23:50 | Build | Farm |
| 23:51 | Research | Bodkin Arrow |
| 24:08 | Create | Archer |
| 24:46 | Create | Archer |
| 24:46 | Create | Archer |
| 24:50 | Create | Villager (Male) |
| 24:51 | Build | Town Center |
| 25:15 | Build | Palisade Wall |
| 25:25 | Create | Villager (Male) |
| 25:39 | Create | Villager (Male) |
| 25:43 | Build | Farm |
| 25:57 | Create | Villager (Male) |
Build order — ~KOF~Legonas
First 150 of 190 actions detected
| 0:00 | Create | Villager (Male) |
| 0:01 | Create | Villager (Male) |
| 0:01 | Create | Villager (Male) |
| 0:01 | Create | Villager (Male) |
| 0:02 | Build | House |
| 0:03 | Build | House |
| 1:24 | Create | Villager (Male) |
| 1:24 | Create | Villager (Male) |
| 1:46 | Build | Lumber Camp |
| 2:05 | Create | Villager (Male) |
| 2:05 | Create | Villager (Male) |
| 2:18 | Create | Villager (Male) |
| 2:18 | Create | Villager (Male) |
| 2:51 | Create | Villager (Male) |
| 2:51 | Create | Villager (Male) |
| 3:13 | Create | Villager (Male) |
| 3:14 | Create | Villager (Male) |
| 3:27 | Build | House |
| 3:30 | Build | House |
| 3:36 | Create | Villager (Male) |
| 3:36 | Create | Villager (Male) |
| 4:00 | Create | Villager (Male) |
| 4:00 | Create | Villager (Male) |
| 4:01 | Create | Villager (Male) |
| 4:18 | Build | Mill |
| 4:23 | Create | Villager (Male) |
| 4:23 | Create | Villager (Male) |
| 4:45 | Create | Villager (Male) |
| 4:46 | Create | Villager (Male) |
| 5:17 | Create | Villager (Male) |
| 5:23 | Create | Villager (Male) |
| 5:24 | Create | Villager (Male) |
| 5:53 | Create | Villager (Male) |
| 5:54 | Research | Loom |
| 7:14 | Build | Barracks |
| 7:20 | Research | Feudal Age |
| 7:50 | Build | Palisade Wall |
| 8:07 | Create | Villager (Male) |
| 8:25 | Build | House |
| 9:05 | Build | Mining Camp |
| 9:10 | Create | Villager (Male) |
| 9:36 | Age | Feudal Age |
| 9:40 | Build | Archery Range |
| 9:42 | Create | Spearman |
| 9:43 | Create | Spearman |
| 9:44 | Create | Villager (Male) |
| 9:45 | Research | Double-Bit Axe |
| 9:45 | Research | Double-Bit Axe |
| 9:53 | Build | Palisade Wall |
| 10:17 | Create | Villager (Male) |
| 10:22 | Build | House |
| 10:29 | Build | Palisade Gate |
| 10:40 | Build | Mill |
| 10:42 | Create | Villager (Male) |
| 10:43 | Create | Villager (Male) |
| 10:45 | Create | Archer |
| 10:45 | Create | Archer |
| 10:54 | Build | Palisade Wall |
| 10:57 | Build | Palisade Wall |
| 11:01 | Build | Palisade Wall |
| 11:07 | Build | Palisade Wall |
| 11:11 | Create | Archer |
| 11:15 | Create | Villager (Male) |
| 11:30 | Create | Archer |
| 11:47 | Create | Archer |
| 11:56 | Build | Blacksmith |
| 12:10 | Create | Villager (Male) |
| 12:12 | Create | Archer |
| 12:13 | Build | Farm |
| 12:18 | Build | House |
| 12:20 | Build | Palisade Wall |
| 12:35 | Create | Villager (Male) |
| 12:36 | Create | Archer |
| 12:44 | Build | Farm |
| 12:46 | Build | Farm |
| 12:55 | Create | Archer |
| 13:02 | Create | Villager (Male) |
| 13:03 | Create | Villager (Male) |
| 13:08 | Build | Farm |
| 13:33 | Build | Farm |
| 13:34 | Create | Villager (Male) |
| 13:34 | Create | Villager (Male) |
| 13:47 | Build | Farm |
| 14:10 | Build | Farm |
| 14:13 | Research | Fletching |
| 14:24 | Build | House |
| 14:24 | Build | House |
| 14:34 | Build | House |
| 14:36 | Build | Palisade Wall |
| 14:53 | Build | House |
| 14:59 | Create | Spearman |
| 14:59 | Create | Spearman |
| 15:06 | Build | House |
| 15:09 | Build | Palisade Wall |
| 15:15 | Build | Palisade Gate |
| 15:57 | Build | Farm |
| 15:58 | Build | Farm |
| 15:58 | Build | Farm |
| 15:58 | Build | Farm |
| 15:58 | Build | Farm |
| 15:59 | Build | Farm |
| 16:25 | Create | Villager (Male) |
| 16:25 | Create | Villager (Male) |
| 16:25 | Create | Villager (Male) |
| 16:25 | Create | Villager (Male) |
| 16:29 | Build | Mining Camp |
| 16:36 | Build | Palisade Wall |
| 16:50 | Create | Archer |
| 16:50 | Create | Archer |
| 16:52 | Create | Villager (Male) |
| 16:52 | Create | Villager (Male) |
| 16:52 | Create | Villager (Male) |
| 16:53 | Create | Villager (Male) |
| 17:17 | Create | Villager (Male) |
| 17:17 | Create | Villager (Male) |
| 17:20 | Build | Farm |
| 17:22 | Build | Farm |
| 17:22 | Build | Farm |
| 18:00 | Create | Villager (Male) |
| 18:03 | Create | Spearman |
| 18:05 | Build | Farm |
| 18:08 | Research | Padded Archer Armor |
| 18:17 | Create | Archer |
| 18:17 | Create | Archer |
| 18:20 | Build | Farm |
| 18:34 | Build | Farm |
| 19:05 | Build | Farm |
| 19:08 | Build | House |
| 19:22 | Create | Archer |
| 19:32 | Build | Farm |
| 20:15 | Build | Farm |
| 20:17 | Research | Castle Age |
| 20:18 | Research | Castle Age |
| 20:25 | Create | Archer |
| 20:25 | Create | Archer |
| 20:37 | Build | House |
| 20:41 | Build | Palisade Wall |
| 20:49 | Research | Gold Mining |
| 20:55 | Research | Horse Collar |
| 21:14 | Build | Archery Range |
| 21:19 | Create | Spearman |
| 21:33 | Create | Archer |
| 21:46 | Create | Archer |
| 21:51 | Create | Spearman |
| 22:04 | Build | Lumber Camp |
| 22:29 | Create | Archer |
| 22:32 | Create | Villager (Male) |
| 22:33 | Create | Villager (Male) |
| 22:40 | Create | Archer |
| 22:57 | Age | Castle Age |
Build order — [KOF] Rock Lee
First 150 of 178 actions detected
| 0:01 | Create | Villager (Male) |
| 0:01 | Create | Villager (Male) |
| 0:02 | Create | Villager (Male) |
| 0:02 | Create | Villager (Male) |
| 0:02 | Create | Villager (Male) |
| 0:05 | Build | House |
| 0:07 | Build | House |
| 1:50 | Create | Villager (Male) |
| 1:50 | Create | Villager (Male) |
| 2:03 | Create | Villager (Male) |
| 2:03 | Create | Villager (Male) |
| 2:15 | Create | Villager (Male) |
| 2:15 | Create | Villager (Male) |
| 2:45 | Build | Lumber Camp |
| 2:52 | Build | House |
| 3:00 | Create | Villager (Male) |
| 3:00 | Create | Villager (Male) |
| 3:02 | Create | Villager (Male) |
| 3:02 | Create | Villager (Male) |
| 3:17 | Build | House |
| 3:54 | Create | Villager (Male) |
| 3:54 | Create | Villager (Male) |
| 3:54 | Create | Villager (Male) |
| 4:11 | Create | Villager (Male) |
| 4:11 | Create | Villager (Male) |
| 4:41 | Create | Villager (Male) |
| 4:41 | Create | Villager (Male) |
| 4:42 | Create | Villager (Male) |
| 5:18 | Create | Villager (Male) |
| 5:18 | Create | Villager (Male) |
| 5:28 | Research | Loom |
| 5:40 | Build | Mill |
| 7:02 | Research | Feudal Age |
| 8:34 | Build | Barracks |
| 9:10 | Create | Villager (Male) |
| 9:10 | Create | Villager (Male) |
| 9:12 | Age | Feudal Age |
| 9:13 | Research | Double-Bit Axe |
| 9:13 | Research | Double-Bit Axe |
| 9:20 | Research | Horse Collar |
| 9:45 | Build | Stable |
| 9:53 | Create | Villager (Male) |
| 10:12 | Create | Scout Cavalry |
| 10:12 | Create | Scout Cavalry |
| 10:25 | Build | Farm |
| 10:26 | Build | Farm |
| 10:44 | Build | Farm |
| 11:16 | Create | Scout Cavalry |
| 11:17 | Create | Scout Cavalry |
| 11:27 | Build | Farm |
| 11:28 | Build | Farm |
| 11:29 | Build | Farm |
| 11:34 | Build | Farm |
| 11:37 | Create | Scout Cavalry |
| 11:37 | Create | Scout Cavalry |
| 12:06 | Create | Villager (Male) |
| 12:06 | Create | Villager (Male) |
| 12:16 | Build | Mill |
| 12:22 | Build | House |
| 12:25 | Build | House |
| 12:26 | Build | House |
| 12:34 | Create | Scout Cavalry |
| 12:34 | Create | Scout Cavalry |
| 12:37 | Create | Villager (Male) |
| 12:37 | Create | Villager (Male) |
| 12:40 | Create | Villager (Male) |
| 12:41 | Create | Villager (Male) |
| 13:15 | Create | Scout Cavalry |
| 13:15 | Create | Scout Cavalry |
| 13:26 | Build | Blacksmith |
| 13:34 | Build | House |
| 13:43 | Create | Villager (Male) |
| 13:43 | Create | Villager (Male) |
| 13:43 | Create | Villager (Male) |
| 14:15 | Research | Forging |
| 14:15 | Research | Forging |
| 15:11 | Create | Scout Cavalry |
| 15:12 | Create | Scout Cavalry |
| 15:16 | Create | Villager (Male) |
| 15:17 | Create | Villager (Male) |
| 15:17 | Create | Villager (Male) |
| 15:46 | Create | Villager (Male) |
| 15:47 | Create | Villager (Male) |
| 15:47 | Create | Villager (Male) |
| 16:04 | Build | Farm |
| 16:13 | Build | Mining Camp |
| 16:17 | Build | Stable |
| 16:31 | Research | Scale Barding Armor |
| 16:37 | Create | Spearman |
| 16:38 | Create | Spearman |
| 16:43 | Create | Villager (Male) |
| 16:43 | Create | Villager (Male) |
| 16:50 | Create | Villager (Male) |
| 16:51 | Create | Villager (Male) |
| 17:02 | Build | Farm |
| 17:04 | Build | Farm |
| 17:10 | Build | House |
| 17:12 | Build | House |
| 17:13 | Build | House |
| 17:57 | Create | Scout Cavalry |
| 17:57 | Create | Scout Cavalry |
| 17:58 | Create | Scout Cavalry |
| 17:58 | Create | Scout Cavalry |
| 18:39 | Create | Spearman |
| 18:39 | Create | Spearman |
| 18:42 | Create | Villager (Male) |
| 18:42 | Create | Villager (Male) |
| 18:42 | Create | Villager (Male) |
| 18:43 | Create | Villager (Male) |
| 19:05 | Build | Farm |
| 19:08 | Build | Farm |
| 19:09 | Build | Farm |
| 19:11 | Build | Farm |
| 19:12 | Build | Farm |
| 19:15 | Build | Farm |
| 19:24 | Build | House |
| 19:27 | Build | House |
| 19:32 | Build | House |
| 20:31 | Build | Farm |
| 20:38 | Create | Villager (Male) |
| 20:38 | Create | Villager (Male) |
| 20:39 | Create | Villager (Male) |
| 21:11 | Build | Farm |
| 21:13 | Build | Farm |
| 21:14 | Build | Farm |
| 21:20 | Build | Lumber Camp |
| 22:06 | Research | Castle Age |
| 24:19 | Research | Gold Mining |
| 24:46 | Age | Castle Age |
| 24:49 | Build | House |
| 24:52 | Build | House |
| 24:57 | Research | Bloodlines |
| 25:00 | Research | Chain Barding Armor |
| 25:00 | Research | Iron Casting |
| 25:04 | Create | Knight |
| 25:04 | Create | Knight |
| 25:05 | Create | Knight |
| 25:14 | Build | Town Center |
| 25:22 | Research | Husbandry |
| 26:02 | Research | Wheelbarrow |
| 26:34 | Research | Light Cavalry (upgrade) |
| 26:47 | Build | Mining Camp |
| 27:13 | Create | Scout Cavalry ×3 |
| 27:13 | Create | Scout Cavalry ×3 |
| 27:33 | Create | Scout Cavalry |
| 27:33 | Create | Scout Cavalry |
| 29:07 | Create | Villager (Male) |
| 29:07 | Create | Villager (Male) |
| 29:07 | Create | Villager (Male) |
| 29:07 | Create | Villager (Male) |
Build order — [KOF] santander
First 150 of 185 actions detected
| 0:02 | Create | Villager (Male) |
| 0:03 | Create | Villager (Male) |
| 0:03 | Create | Villager (Male) |
| 0:03 | Create | Villager (Male) |
| 0:04 | Build | House |
| 0:05 | Build | House |
| 1:31 | Create | Villager (Male) |
| 1:31 | Create | Villager (Male) |
| 2:03 | Build | House |
| 2:04 | Build | House |
| 2:09 | Create | Villager (Male) |
| 2:09 | Create | Villager (Male) |
| 2:19 | Create | Villager (Male) |
| 2:19 | Create | Villager (Male) |
| 2:40 | Build | Lumber Camp |
| 2:50 | Create | Villager (Male) |
| 2:50 | Create | Villager (Male) |
| 2:50 | Create | Villager (Male) |
| 3:01 | Create | Villager (Male) |
| 3:02 | Create | Villager (Male) |
| 3:02 | Create | Villager (Male) |
| 3:41 | Create | Villager (Male) |
| 3:42 | Create | Villager (Male) |
| 3:42 | Create | Villager (Male) |
| 3:59 | Create | Villager (Male) |
| 4:00 | Create | Villager (Male) |
| 4:00 | Create | Villager (Male) |
| 4:35 | Create | Villager (Male) |
| 4:36 | Create | Villager (Male) |
| 4:36 | Create | Villager (Male) |
| 4:36 | Create | Villager (Male) |
| 5:27 | Create | Villager (Male) |
| 5:30 | Create | Villager (Male) |
| 5:30 | Create | Villager (Male) |
| 5:34 | Build | Mill |
| 5:39 | Research | Loom |
| 6:45 | Create | Villager (Male) |
| 7:24 | Create | Villager (Male) |
| 7:29 | Build | House |
| 8:03 | Research | Feudal Age |
| 8:12 | Build | Mill |
| 8:28 | Build | Barracks |
| 9:27 | Create | Villager (Male) |
| 9:28 | Create | Villager (Male) |
| 9:28 | Create | Villager (Male) |
| 10:13 | Age | Feudal Age |
| 10:19 | Build | Stable |
| 10:21 | Create | Villager (Male) |
| 10:21 | Create | Villager (Male) |
| 10:25 | Research | Double-Bit Axe |
| 10:47 | Build | Farm |
| 10:48 | Build | Farm |
| 10:57 | Build | House |
| 11:01 | Create | Villager (Male) |
| 11:04 | Create | Scout Cavalry |
| 11:04 | Create | Scout Cavalry |
| 11:04 | Create | Scout Cavalry |
| 11:28 | Build | Farm |
| 11:29 | Build | Farm |
| 11:32 | Create | Villager (Male) |
| 12:00 | Build | Farm |
| 12:04 | Build | Farm |
| 12:09 | Build | House |
| 12:10 | Build | House |
| 12:11 | Build | Palisade Wall |
| 12:15 | Create | Scout Cavalry |
| 12:32 | Create | Villager (Male) |
| 12:48 | Build | Mining Camp |
| 12:53 | Create | Scout Cavalry |
| 12:53 | Create | Scout Cavalry |
| 13:25 | Build | Blacksmith |
| 13:39 | Create | Scout Cavalry |
| 13:48 | Create | Villager (Male) |
| 13:48 | Create | Villager (Male) |
| 13:48 | Create | Villager (Male) |
| 13:48 | Create | Villager (Male) |
| 13:53 | Build | House |
| 14:19 | Research | Scale Barding Armor |
| 14:36 | Build | Palisade Wall |
| 15:03 | Research | Bloodlines |
| 15:15 | Create | Villager (Male) |
| 15:15 | Create | Villager (Male) |
| 15:16 | Create | Villager (Male) |
| 15:18 | Build | Farm |
| 15:20 | Build | Farm |
| 15:21 | Create | Villager (Male) |
| 15:51 | Create | Scout Cavalry |
| 15:51 | Create | Scout Cavalry |
| 16:05 | Create | Scout Cavalry |
| 16:15 | Build | Palisade Wall |
| 16:18 | Build | Palisade Gate |
| 16:33 | Create | Scout Cavalry |
| 16:46 | Build | House |
| 17:10 | Create | Villager (Male) |
| 17:11 | Create | Villager (Male) |
| 17:11 | Create | Villager (Male) |
| 17:11 | Create | Villager (Male) |
| 17:16 | Build | Market |
| 17:53 | Create | Villager (Male) |
| 17:53 | Create | Villager (Male) |
| 18:21 | Create | Scout Cavalry |
| 18:22 | Create | Scout Cavalry |
| 18:25 | Build | Palisade Wall |
| 18:38 | Build | Farm |
| 18:38 | Build | Farm |
| 18:39 | Build | Farm |
| 18:40 | Build | Farm |
| 18:42 | Build | Palisade Wall |
| 18:44 | Build | Farm |
| 18:58 | Build | Palisade Gate |
| 19:02 | Create | Scout Cavalry |
| 19:03 | Create | Scout Cavalry |
| 19:06 | Create | Villager (Male) |
| 19:12 | Build | Farm |
| 19:22 | Build | Farm |
| 19:29 | Build | Farm |
| 19:37 | Build | Farm |
| 19:41 | Build | Farm |
| 19:55 | Create | Scout Cavalry |
| 20:02 | Create | Villager (Male) |
| 20:10 | Build | House |
| 20:11 | Build | House |
| 20:12 | Build | House |
| 20:16 | Research | Town Watch |
| 20:27 | Research | Forging |
| 20:47 | Create | Villager (Male) |
| 21:01 | Create | Scout Cavalry |
| 21:01 | Create | Scout Cavalry |
| 21:33 | Research | Castle Age |
| 21:33 | Research | Castle Age |
| 21:54 | Build | House |
| 21:56 | Build | House |
| 22:08 | Build | Watch Tower |
| 22:15 | Build | House |
| 22:17 | Build | House |
| 22:42 | Build | House |
| 23:05 | Create | Scout Cavalry |
| 23:05 | Create | Scout Cavalry |
| 23:15 | Build | Watch Tower |
| 24:13 | Age | Castle Age |
| 24:19 | Create | Knight |
| 24:19 | Create | Knight |
| 24:19 | Create | Knight |
| 24:24 | Create | Villager (Male) |
| 24:24 | Create | Villager (Male) |
| 24:24 | Create | Villager (Male) |
| 24:25 | Create | Villager (Male) |
| 26:07 | Create | Villager (Male) |
| 26:07 | Create | Villager (Male) |
| 26:07 | Create | Villager (Male) |
Build order — [KOF] Marcelo88
First 150 of 188 actions detected
| 0:01 | Create | Villager (Male) |
| 0:02 | Create | Villager (Male) |
| 0:02 | Create | Villager (Male) |
| 0:02 | Create | Villager (Male) |
| 0:04 | Build | House |
| 0:06 | Build | House |
| 1:26 | Create | Villager (Male) |
| 1:50 | Create | Villager (Male) |
| 2:26 | Create | Villager (Male) |
| 2:55 | Create | Villager (Male) |
| 3:26 | Create | Villager (Male) |
| 4:09 | Create | Villager (Male) |
| 4:20 | Create | Villager (Male) |
| 4:25 | Build | House |
| 4:27 | Build | House |
| 4:44 | Build | Mill |
| 4:56 | Create | Villager (Male) |
| 5:09 | Build | Lumber Camp |
| 5:13 | Create | Villager (Male) |
| 5:13 | Create | Villager (Male) |
| 5:36 | Create | Villager (Male) |
| 5:37 | Create | Villager (Male) |
| 5:37 | Create | Villager (Male) |
| 6:33 | Create | Villager (Male) |
| 6:33 | Create | Villager (Male) |
| 6:34 | Create | Villager (Male) |
| 7:11 | Research | Loom |
| 8:08 | Research | Feudal Age |
| 8:25 | Create | Villager (Male) |
| 8:58 | Build | Lumber Camp |
| 9:06 | Build | Barracks |
| 9:13 | Build | Palisade Wall |
| 9:19 | Build | Palisade Wall |
| 9:20 | Build | Palisade Wall |
| 9:24 | Build | Palisade Wall |
| 9:25 | Build | Palisade Wall |
| 9:26 | Build | Palisade Wall |
| 9:33 | Build | House |
| 9:36 | Build | Palisade Wall |
| 9:42 | Build | Palisade Wall |
| 9:44 | Build | Palisade Wall |
| 9:48 | Build | Palisade Wall |
| 10:18 | Age | Feudal Age |
| 10:26 | Create | Villager (Male) |
| 10:32 | Build | Mining Camp |
| 10:34 | Research | Double-Bit Axe |
| 10:46 | Create | Villager (Male) |
| 11:14 | Build | Archery Range |
| 11:18 | Create | Villager (Male) |
| 11:56 | Research | Town Watch |
| 11:59 | Create | Archer |
| 12:03 | Create | Villager (Male) |
| 12:05 | Create | Archer |
| 12:10 | Build | House |
| 12:21 | Create | Villager (Male) |
| 12:23 | Build | House |
| 12:24 | Build | Palisade Wall |
| 12:31 | Create | Archer |
| 12:37 | Build | Watch Tower |
| 12:41 | Create | Villager (Male) |
| 12:56 | Build | Farm |
| 12:56 | Build | Farm |
| 12:56 | Build | Farm |
| 12:57 | Build | Farm |
| 13:03 | Build | Farm |
| 13:03 | Build | Farm |
| 13:04 | Build | Farm |
| 13:18 | Create | Villager (Male) |
| 13:31 | Create | Villager (Male) |
| 13:35 | Build | Farm |
| 13:35 | Build | Farm |
| 13:35 | Build | Farm |
| 13:36 | Build | Farm |
| 13:45 | Create | Archer |
| 13:56 | Create | Skirmisher |
| 14:19 | Create | Skirmisher |
| 14:37 | Create | Villager (Male) |
| 15:03 | Build | Blacksmith |
| 15:17 | Create | Skirmisher |
| 15:17 | Create | Skirmisher |
| 15:23 | Create | Archer |
| 15:40 | Create | Villager (Male) |
| 15:40 | Create | Villager (Male) |
| 15:45 | Build | House |
| 15:50 | Build | House |
| 15:56 | Research | Fletching |
| 16:02 | Research | Padded Archer Armor |
| 16:04 | Create | Villager (Male) |
| 16:29 | Create | Villager (Male) |
| 16:32 | Build | Farm |
| 16:32 | Build | Farm |
| 16:33 | Build | Farm |
| 16:33 | Build | Farm |
| 16:41 | Create | Skirmisher |
| 16:54 | Research | Fletching |
| 17:01 | Create | Archer |
| 17:10 | Build | Archery Range |
| 17:29 | Create | Archer |
| 17:44 | Create | Villager (Male) |
| 17:55 | Build | Farm |
| 17:55 | Build | Farm |
| 17:55 | Build | Farm |
| 17:56 | Build | Farm |
| 17:56 | Build | Farm |
| 17:56 | Build | Farm |
| 17:57 | Build | Farm |
| 17:57 | Build | Farm |
| 18:04 | Create | Villager (Male) |
| 18:05 | Create | Villager (Male) |
| 18:18 | Build | House |
| 18:19 | Build | House |
| 18:26 | Build | House |
| 18:28 | Build | House |
| 18:52 | Create | Archer |
| 18:53 | Create | Archer |
| 19:18 | Create | Villager (Male) |
| 19:39 | Research | Horse Collar |
| 19:57 | Build | Mining Camp |
| 20:08 | Create | Skirmisher |
| 20:09 | Create | Skirmisher |
| 20:09 | Create | Archer |
| 20:10 | Create | Archer |
| 20:43 | Create | Archer |
| 20:43 | Create | Archer |
| 21:12 | Create | Archer |
| 21:12 | Create | Archer |
| 21:46 | Create | Archer |
| 21:46 | Create | Archer |
| 21:52 | Build | Watch Tower |
| 22:28 | Research | Castle Age |
| 23:21 | Research | Gold Mining |
| 23:29 | Create | Archer |
| 23:29 | Create | Archer |
| 23:30 | Create | Archer |
| 23:46 | Create | Archer |
| 23:46 | Create | Archer |
| 23:46 | Create | Archer |
| 24:51 | Create | Archer |
| 24:51 | Create | Archer |
| 24:55 | Build | Archery Range |
| 25:08 | Age | Castle Age |
| 25:14 | Research | Crossbowman (upgrade) |
| 25:17 | Research | Bodkin Arrow |
| 25:20 | Create | Archer |
| 25:20 | Create | Archer |
| 26:06 | Create | Archer |
| 26:07 | Create | Archer |
| 26:07 | Create | Archer |
| 26:07 | Create | Archer |
| 26:15 | Build | Town Center |
Build order — KOF Coven
First 150 of 215 actions detected
| 0:01 | Create | Villager (Male) |
| 0:02 | Create | Villager (Male) |
| 0:02 | Create | Villager (Male) |
| 0:03 | Build | House |
| 0:07 | Build | House |
| 0:23 | Create | Villager (Male) |
| 1:11 | Create | Villager (Male) |
| 1:50 | Build | Lumber Camp |
| 2:03 | Create | Villager (Male) |
| 2:03 | Create | Villager (Male) |
| 2:20 | Create | Villager (Male) |
| 2:20 | Create | Villager (Male) |
| 2:36 | Build | House |
| 2:49 | Create | Villager (Male) |
| 2:49 | Create | Villager (Male) |
| 3:14 | Create | Villager (Male) |
| 3:14 | Create | Villager (Male) |
| 3:56 | Create | Villager (Male) |
| 4:12 | Create | Villager (Male) |
| 4:27 | Build | House |
| 4:32 | Build | Palisade Wall |
| 4:39 | Create | Villager (Male) |
| 4:40 | Create | Villager (Male) |
| 4:51 | Create | Villager (Male) |
| 4:52 | Create | Villager (Male) |
| 5:02 | Build | Mill |
| 5:12 | Create | Villager (Male) |
| 5:50 | Create | Villager (Male) |
| 5:50 | Create | Villager (Male) |
| 6:15 | Create | Villager (Male) |
| 6:24 | Build | House |
| 6:28 | Build | Palisade Wall |
| 6:32 | Create | Villager (Male) |
| 6:40 | Create | Villager (Male) |
| 6:49 | Build | House |
| 6:56 | Build | Palisade Wall |
| 7:17 | Research | Loom |
| 7:44 | Build | House |
| 7:54 | Build | House |
| 8:23 | Build | Mining Camp |
| 8:28 | Research | Feudal Age |
| 8:28 | Research | Feudal Age |
| 8:39 | Build | House |
| 9:03 | Build | Mill |
| 9:27 | Build | Palisade Wall |
| 9:38 | Create | Villager (Male) |
| 9:41 | Create | Villager (Male) |
| 10:42 | Age | Feudal Age |
| 10:54 | Research | Double-Bit Axe |
| 10:54 | Create | Villager (Male) |
| 11:11 | Create | Villager (Male) |
| 11:35 | Create | Villager (Male) |
| 11:45 | Build | Stable |
| 11:53 | Build | House |
| 11:58 | Build | Palisade Wall |
| 12:07 | Create | Villager (Male) |
| 12:17 | Build | Palisade Wall |
| 12:25 | Create | Villager (Male) |
| 12:32 | Research | Horse Collar |
| 12:49 | Create | Villager (Male) |
| 13:13 | Create | Villager (Male) |
| 13:33 | Build | Farm |
| 13:35 | Build | Farm |
| 13:36 | Build | Farm |
| 13:38 | Create | Villager (Male) |
| 13:52 | Build | Farm |
| 13:56 | Build | Farm |
| 13:59 | Create | Villager (Male) |
| 14:04 | Build | Farm |
| 14:14 | Build | Farm |
| 14:32 | Build | Farm |
| 14:40 | Create | Villager (Male) |
| 14:45 | Build | Farm |
| 14:50 | Build | Palisade Wall |
| 14:50 | Build | Palisade Wall |
| 14:58 | Build | Farm |
| 14:59 | Create | Villager (Male) |
| 15:10 | Build | Farm |
| 15:21 | Build | Farm |
| 15:26 | Build | House |
| 15:27 | Build | House |
| 15:31 | Create | Villager (Male) |
| 15:38 | Build | Farm |
| 15:51 | Build | Farm |
| 16:04 | Build | Farm |
| 16:11 | Create | Villager (Male) |
| 16:17 | Build | House |
| 16:26 | Create | Villager (Male) |
| 16:34 | Build | Farm |
| 16:42 | Build | Farm |
| 16:51 | Build | Palisade Wall |
| 16:56 | Research | Castle Age |
| 16:56 | Research | Castle Age |
| 17:08 | Build | Stable |
| 17:11 | Build | House |
| 17:16 | Build | Palisade Wall |
| 17:18 | Build | Palisade Wall |
| 17:22 | Research | Gold Mining |
| 17:33 | Build | Farm |
| 17:40 | Build | Farm |
| 18:19 | Build | Blacksmith |
| 18:27 | Build | Farm |
| 18:30 | Research | Bloodlines |
| 18:52 | Research | Scale Barding Armor |
| 19:06 | Create | Villager (Male) |
| 19:06 | Create | Villager (Male) |
| 19:06 | Create | Villager (Male) |
| 19:19 | Build | Palisade Wall |
| 19:27 | Build | Palisade Gate |
| 19:37 | Age | Castle Age |
| 19:40 | Create | Knight ×5 |
| 19:40 | Create | Knight ×5 |
| 19:41 | Create | Knight ×5 |
| 20:01 | Create | Villager (Male) |
| 20:22 | Build | Town Center |
| 20:27 | Create | Villager (Male) |
| 20:30 | Build | Farm |
| 20:33 | Build | Farm |
| 20:39 | Build | Lumber Camp |
| 20:45 | Create | Knight |
| 20:45 | Create | Knight |
| 20:46 | Create | Villager (Male) |
| 21:08 | Research | Bow Saw |
| 21:11 | Create | Villager (Male) |
| 21:11 | Create | Villager (Male) |
| 21:23 | Research | Husbandry |
| 21:34 | Create | Villager (Male) |
| 21:34 | Create | Villager (Male) |
| 21:35 | Create | Villager (Male) |
| 21:35 | Create | Villager (Male) |
| 21:43 | Create | Villager (Male) |
| 21:45 | Create | Villager (Male) |
| 21:48 | Create | Knight |
| 22:08 | Create | Knight |
| 22:08 | Create | Knight |
| 22:34 | Research | Chain Barding Armor |
| 22:34 | Research | Chain Barding Armor |
| 22:40 | Build | Farm |
| 22:41 | Build | Farm |
| 22:42 | Build | Farm |
| 22:48 | Create | Villager (Male) |
| 22:48 | Create | Villager (Male) |
| 22:49 | Create | Villager (Male) |
| 23:09 | Create | Knight ×2 |
| 23:09 | Create | Knight ×2 |
| 23:15 | Build | Stable |
| 23:35 | Research | Forging |
| 23:35 | Research | Forging |
| 23:37 | Create | Knight |
| 23:37 | Create | Knight |
Match timeline
| 4:32 | KOF Coven · wall_segment Palisade Wall x5 |
| 5:23 | [KOF] ReKieM · first_building Barracks |
| 6:28 | KOF Coven · wall_segment Palisade Wall x3 |
| 6:56 | KOF Coven · wall_segment Palisade Wall x7 |
| 7:14 | ~KOF~Legonas · first_building Barracks |
| 7:50 | ~KOF~Legonas · wall_segment Palisade Wall x9 |
| 8:28 | [KOF] santander · first_building Barracks |
| 8:34 | [KOF] Rock Lee · first_building Barracks |
| 8:40 | [KOF] ReKieM · age_up feudal |
| 8:46 | [KOF] ReKieM · first_building Archery Range |
| 9:06 | [KOF] Marcelo88 · first_building Barracks |
| 9:12 | [KOF] Rock Lee · age_up feudal |
| 9:13 | [KOF] Marcelo88 · wall_segment Palisade Wall x1 |
| 9:19 | [KOF] Marcelo88 · wall_segment Palisade Wall x1 |
| 9:20 | [KOF] Marcelo88 · wall_segment Palisade Wall x1 |
| 9:24 | [KOF] Marcelo88 · wall_segment Palisade Wall x1 |
| 9:25 | [KOF] Marcelo88 · wall_segment Palisade Wall x1 |
| 9:26 | [KOF] Marcelo88 · wall_segment Palisade Wall x1 |
| 9:27 | KOF Coven · wall_segment Palisade Wall x13 |
| 9:36 | ~KOF~Legonas · age_up feudal |
| 9:36 | [KOF] Marcelo88 · wall_segment Palisade Wall x1 |
| 9:40 | ~KOF~Legonas · first_building Archery Range |
| 9:42 | [KOF] Marcelo88 · wall_segment Palisade Wall x1 |
| 9:44 | [KOF] Marcelo88 · wall_segment Palisade Wall x1 |
| 9:45 | [KOF] Rock Lee · first_building Stable |
| 9:48 | [KOF] Marcelo88 · wall_segment Palisade Wall x1 |
| 9:53 | ~KOF~Legonas · wall_segment Palisade Wall x10 |
| 10:13 | [KOF] santander · age_up feudal |
| 10:18 | [KOF] Marcelo88 · age_up feudal |
| 10:19 | [KOF] santander · first_building Stable |
| 10:42 | KOF Coven · age_up feudal |
| 10:52 | [KOF] ReKieM · wall_segment Palisade Wall x7 |
| 10:54 | ~KOF~Legonas · wall_segment Palisade Wall x4 |
| 10:57 | ~KOF~Legonas · wall_segment Palisade Wall x2 |
| 11:01 | ~KOF~Legonas · wall_segment Palisade Wall x7 |
| 11:07 | ~KOF~Legonas · wall_segment Palisade Wall x4 |
| 11:14 | [KOF] Marcelo88 · first_building Archery Range |
| 11:45 | KOF Coven · first_building Stable |
| 11:58 | KOF Coven · wall_segment Palisade Wall x6 |
| 12:11 | [KOF] santander · wall_segment Palisade Wall x1 |
| 12:17 | KOF Coven · wall_segment Palisade Wall x10 |
| 12:20 | ~KOF~Legonas · wall_segment Palisade Wall x11 |
| 12:24 | [KOF] Marcelo88 · wall_segment Palisade Wall x6 |
| 13:12 | [KOF] ReKieM · wall_segment Palisade Wall x4 |
| 13:44 | [KOF] ReKieM · wall_segment Palisade Wall x17 |
| 14:36 | ~KOF~Legonas · wall_segment Palisade Wall x2 |
| 14:36 | [KOF] santander · wall_segment Palisade Wall x9 |
| 14:50 | KOF Coven · wall_segment Palisade Wall x1 |
| 14:50 | KOF Coven · wall_segment Palisade Wall x1 |
| 15:09 | ~KOF~Legonas · wall_segment Palisade Wall x1 |
| 16:15 | [KOF] santander · wall_segment Palisade Wall x5 |
| 16:36 | ~KOF~Legonas · wall_segment Palisade Wall x4 |
| 16:51 | KOF Coven · wall_segment Palisade Wall x9 |
| 17:16 | KOF Coven · wall_segment Palisade Wall x1 |
| 17:18 | KOF Coven · wall_segment Palisade Wall x1 |
| 18:25 | [KOF] santander · wall_segment Palisade Wall x1 |
| 18:42 | [KOF] santander · wall_segment Palisade Wall x1 |
| 18:57 | [KOF] ReKieM · wall_segment Palisade Wall x2 |
| 19:19 | KOF Coven · wall_segment Palisade Wall x1 |
| 19:37 | KOF Coven · age_up castle |
| 20:39 | [KOF] santander · first_market_buy 100 food |
| 20:41 | ~KOF~Legonas · wall_segment Palisade Wall x5 |
| 20:42 | [KOF] ReKieM · first_market_sell 100 wood |
| 20:43 | [KOF] ReKieM · first_market_buy 100 food |
| 20:50 | [KOF] santander · first_market_sell 100 wood |
| 22:57 | ~KOF~Legonas · age_up castle |
| 23:27 | [KOF] ReKieM · age_up castle |
| 24:13 | [KOF] santander · age_up castle |
| 24:46 | [KOF] Rock Lee · age_up castle |
| 24:46 | ~KOF~Legonas · first_building Siege Workshop |
| 25:08 | [KOF] Marcelo88 · age_up castle |
| 25:15 | [KOF] ReKieM · wall_segment Palisade Wall x6 |
| 28:26 | ~KOF~Legonas · resign |
| 29:59 | [KOF] ReKieM · first_building Castle |
| 30:30 | [KOF] santander · wall_segment Palisade Wall x1 |
| 30:36 | [KOF] santander · wall_segment Palisade Wall x1 |
[ AI ANALYSIS · 1 CREDIT ]
What really happened in this match?
Wolo.gg analyzes every decision: build order, eco, micro, common mistakes by bracket. Personalized analysis on WhatsApp or Discord in 30 seconds.
Civ guide
Bengalis
Perfil
Jugador #4718369